 Dungeon Crawl Stone Soup version 0.30-a0-779-g7971cf19c3 (webtiles) character file.

Game seed: 15815353842751806552

593282 Iich the Axe Maniac (level 27, -42/450 HPs)
             Began as a Hill Orc Fighter on Feb 17, 2023.
             Was an Initiate of Gozag.
             Killed from afar by an orb of fire (62 damage)
             ... with a bolt of fire
             ... on level 5 of the Realm of Zot.
             The game lasted 01:31:24 (52463 turns).

Iich the Axe Maniac (Hill Orc Fighter)             Turns: 52463, Time: 01:31:24

Health: -42/450    AC:  0    Str: 21 (27) XL:     27
Magic:  23/23      EV: 19    Int:  4 (7)  God:    Gozag
Gold:   2651       SH:  0    Dex: 13 (17) Spells: 26/26 levels left

rFire   . . .      SeeInvis .    (weapon currently unavailable)
rCold   . . .      Faith    .    (shield currently unavailable)
rNeg    . . .      Spirit   .    (body armour currently unavailable)
rPois   .          Reflect  .    (helmet currently unavailable)
rElec   .          Harm     .    (cloak currently unavailable)
rCorr   .          Rampage  .    (gloves currently unavailable)
Will    ++...                    (boots currently unavailable) Stlth
                                 G - amulet of regeneration
HPRegen 1.75/turn                (ring currently unavailable)
MPRegen 0.18/turn                (ring currently unavailable)

@: brilliant, berserking (expiring), about to teleport, pig-form, marked,
hasted, studying 3 skills, very quick
A: fast, no casting, small, (antennae 1), clumsy 1, mutation resistance 1,
robust 1, strong 1
}: 4/15 runes: decaying, silver, abyssal, gossamer
a: Renounce Religion, Potion Petition, Call Merchant, Bribe Branch


You were on level 5 of the Realm of Zot.
You worshipped Gozag.
Gozag was most pleased with you.
You were a filthy swine.
You visited 9 branches of the dungeon, and saw 47 of its levels.
You visited the Abyss 2 times.
You visited 1 bazaar.
You also visited: Trove, Sewer, Ossuary, Bailey and Ice Cave.

You collected 28580 gold pieces.
You spent 3963 gold pieces at shops.
You paid 21966 gold pieces to Gozag.

Inventory:

Hand Weapons
 p - the +5 broad axe "Hiufakle" {heavy, rElec rPois rF++ Str-3}
   (You found it in a treasure trove)

   Str:       It affects your strength (-3).
   rF:        It greatly protects you from fire.
   rElec:     It insulates you from electricity.
   rPois:     It protects you from poison.
 A - a +9 heavy broad axe (melded)
Missiles
 w - 3 curare-tipped darts (quivered)
 L - 5 throwing nets
Armour
 b - the +0 pair of gloves of Ashenzari's Generosity (melded) {rPois rF+}
   (You bought it in a shop on level 2 of the Lair of Beasts)

   rF:        It protects you from fire.
   rPois:     It protects you from poison.
 l - the -2 cloak of the Invisible Leylines (melded) {rF+++ Str+5 Stlth+}
   (You found it on level 2 of the Vaults)

   Str:       It affects your strength (+5).
   rF:        It renders you almost immune to fire.
   Stlth:     It makes you more stealthy.
 u - a +1 tower shield (melded)
 D - a scarf of resistance
 E - the +7 plate armour "Tyoceul" (melded) {Harm Regen+}
   (You bought it in a shop on level 13 of the Dungeon)

   Regen:     It increases your rate of health regeneration.
   Harm:      It increases damage dealt and taken.
 F - a +2 pair of boots of flying (melded)
 Z - the +3 crown of Dyrovepreva (melded) {rElec Int+2 SInv}
   (You bought it in a shop in a bazaar)

   Int:       It affects your intelligence (+2).
   rElec:     It insulates you from electricity.
   SInv:      It lets you see invisible.
Jewellery
 t - a +6 ring of dexterity
 G - an amulet of regeneration (around neck)
 I - the ring "Vipale" (melded) {rElec rF+ Str+6 SInv Stlth+}
   (You found it on level 8 of the Dungeon)

   [ring of strength]

   Str:       It affects your strength (+6).
   rF:        It protects you from fire.
   rElec:     It insulates you from electricity.
   SInv:      It lets you see invisible.
   Stlth:     It makes you more stealthy.
 M - a +6 ring of strength
 W - the ring of the Tortoise (melded) {AC+8}
   (You found it on level 2 of the Depths)

   [ring of protection]

   AC:        It affects your AC (+8).
 X - a +4 ring of slaying
Wands
 i - a wand of digging (3)
 o - a wand of flame (74)
 y - a wand of iceblast (64)
 P - a wand of charming (22)
 S - a wand of light (26)
 U - a wand of polymorph (14)
 V - a wand of mindburst (30)
Scrolls
 a - 2 scrolls of silence
 c - a scroll of butterflies
 h - 10 scrolls of poison
 k - 17 scrolls of fear
 m - 2 scrolls of immolation
 n - 21 scrolls of teleportation
 B - 7 scrolls of fog
 T - 5 scrolls of magic mapping
Potions
 d - 18 potions of might
 e - 3 potions of magic
 f - 9 potions of haste
 g - 37 potions of curing
 j - 4 potions of invisibility
 q - 2 potions of cancellation
 r - 11 potions of ambrosia
 s - a potion of attraction
 v - 2 potions of berserk rage
 H - 14 potions of flight
 J - a potion of lignification
 K - 5 potions of resistance
 Q - a potion of heal wounds
 Y - 2 potions of mutation
Miscellaneous
 x - a phial of floods (inert)
 C - a condenser vane (inert)
 N - a tin of tremorstones (2/2)
 O - a box of beasts (inert)
 R - a piece from Xom's chessboard (15/15)


   Skills:
 O Level 27 Fighting
 O Level 27 Axes
 O Level 27 Armour
 + Level 10.8 Dodging
 O Level 27 Shields


You had 26 spell levels left.
You didn't know any spells.
Your spell library contained the following spells:

 Spells                   Type           Power      Damage    Failure   Level
 Apportation              Tloc           0%         N/A       50%         1
 Kiss of Death            Conj/Necr      0%         2d5       50%         1
 Necrotise                Necr           0%         1d4       50%         1
 Shock                    Conj/Air       0%         1d3       50%         1
 Sting                    Tmut/Pois      0%         1d3       50%         1
 Summon Small Mammal      Summ           0%         N/A       50%         1
 Blink                    Tloc           0%         N/A       65%         2
 Cigotuvi's Dreadful Rot  Necr/Pois/Air  0%         N/A       65%         2
 Ensorcelled Hibernation  Hex/Ice        0%         N/A       65%         2
 Lesser Beckoning         Tloc           0%         N/A       65%         2
 Momentum Strike          Conj/Tloc      0%         3d8       65%         2
 Passwall                 Tmut/Erth      0%         N/A       65%         2
 Poisonous Vapours        Pois/Air       0%         N/A       65%         2
 Scorch                   Fire           0%         2d5       65%         2
 Call Canine Familiar     Summ           0%         N/A       86%         3
 Confusing Touch          Hex            0%         N/A       86%         3
 Frozen Ramparts          Ice            0%         1d1       86%         3
 Gell's Gravitas          Tloc           0%         N/A       86%         3
 Ignite Poison            Fire/Tmut/Pois 0%         N/A       86%         3
 Inner Flame              Hex/Fire       0%         N/A       86%         3
 Mephitic Cloud           Conj/Pois/Air  0%         N/A       86%         3
 Ozocubu's Armour         Ice            0%         N/A       86%         3
 Stone Arrow              Conj/Erth      0%         3d7       86%         3
 Summon Guardian Golem    Hex/Summ       0%         N/A       86%         3
 Swiftness                Air            0%         N/A       86%         3
 Teleport Other           Tloc           0%         N/A       86%         3
 Vhi's Electric Charge    Tloc/Air       0%         N/A       86%         3
 Animate Armour           Summ/Erth      0%         N/A       99%         4
 Cause Fear               Hex            0%         N/A       99%         4
 Dispel Undead            Necr           0%         3d6       99%         4
 Flame Wave               Conj/Fire      0%         2d4       99%         4
 Ice Form                 Ice/Tmut       0%         N/A       99%         4
 Manifold Assault         Tloc           0%         N/A       99%         4
 Olgreb's Toxic Radiance  Pois           0%         N/A       99%         4
 Petrify                  Tmut/Erth      0%         N/A       99%         4
 Sticky Flame             Conj/Fire      0%         2d3       99%         4
 Summon Ice Beast         Ice/Summ       0%         N/A       99%         4
 Arcjolt                  Conj/Air       0%         1d10      100%        5
 Borgnjor's Vile Clutch   Necr/Erth      0%         N/A       100%        5
 Freezing Cloud           Conj/Ice/Air   0%         6-21      100%        5
 Irradiate                Conj/Tmut      0%         3d11      100%        5
 Lightning Bolt           Conj/Air       0%         1d11      100%        5
 Metabolic Englaciation   Hex/Ice        0%         N/A       100%        5
 Summon Forest            Summ/Tloc      0%         N/A       100%        5
 Yara's Violent Unravell  Hex/Tmut       0%         3d3       100%        5
 Death Channel            Necr           0%         N/A       100%        6
 Dispersal                Tloc           0%         N/A       100%        6
 Eringya's Noxious Bog    Tmut/Pois      0%         N/A       100%        6
 Starburst                Conj/Fire      0%         6d3       100%        6
 Statue Form              Tmut/Erth      0%         N/A       100%        6
 Summon Cactus Giant      Summ           0%         N/A       100%        6
 Dragon Form              Tmut           0%         N/A       100%        7
 Haunt                    Necr/Summ      0%         N/A       100%        7
 Ozocubu's Refrigeration  Ice            0%         4d7       100%        7
 Storm Form               Tmut/Air       0%         N/A       100%        7
 Summon Hydra             Summ           0%         N/A       100%        7
 Disjunction              Tloc           0%         N/A       100%        8
 Ignition                 Fire           0%         3d3       100%        8
 Infestation              Necr           0%         N/A       100%        8
 Lehudib's Crystal Spear  Conj/Erth      0%         10d2      100%        8
 Maxwell's Capacitive Co  Air            0%         ∞         100%        8
 Dragon's Call            Summ           0%         N/A       100%        9
 Polar Vortex             Ice            0%         N/A       100%        9
 Animate Dead             Necr           Unusable   N/A       N/A         4
 Simulacrum               Ice/Necr       Unusable   N/A       N/A         6

Dungeon Overview and Level Annotations

Branches:
Dungeon (15/15)            Temple (0/1) D:7            Lair (5/5) D:8
  Swamp (4/4) Lair:2       Spider (4/4) Lair:2        Slime (0/5) Lair:4
    Orc (2/2) D:10            Elf (3/3) Orc:2        Vaults (5/5) D:14
  Crypt (0/3) Vaults:3     Depths (4/4) D:15            Zot (5/5) Depths:4
  Sewer (visited)         Ossuary (visited)          Bailey (visited)
  IceCv (visited)

Altars:
Ashenzari
Cheibriados
Dithmenos
Gozag
Kikubaaqudgha
Makhleb
Nemelex Xobeh
Okawaru
Qazlal
Ru
Trog
Vehumet
Wu Jian
Xom
Zin

Shops:
D:13 [   D:15 ([?   Orc:1 :   Orc:2 :[:=*   Elf:1 ??((   Lair:2 [   Lair:5 =
Vaults:3 =   Depths:1 =:::   Depths:2 !

Portals:
Hell: Lair:5 Depths:1 Depths:2 Depths:3 Depths:4
Abyss: Depths:3 Depths:4
Pandemonium: Depths:2 Depths:4
Ziggurat: Depths:2

Annotations:
Zot:5 exclusion: obsidian statue


Innate Abilities, Weirdness & Mutations

You are a filthy swine.
You move quickly.
Your equipment is almost entirely melded.
You are incapable of wielding weapons or throwing items.
You cannot cast spells.
((You have a pair of small antennae on your head.))
You are clumsy. (Dex -2)
You are somewhat resistant to further mutation.
You are robust. (+10% HP)
Your muscles are strong. (Str +4, Int/Dex -1)


Message History

As you read the scroll of teleportation, it crumbles to dust.
You feel strangely unstable.
You feel the Orb delaying your translocation!
The Killer Klown pokes out its tongue.
The Killer Klown blinks!
The Orb Guardian hits you!!!
* * * LOW HITPOINT WARNING * * *
You closely miss the Orb Guardian. The Orb Guardian hits you!!!
* * * LOW HITPOINT WARNING * * *
[a] - 392 gold - resistance and might [b] - 260 gold - heal wounds, curing and berserk rage [c] - 184 gold - might and brilliance Purchase which effect?
You feel much better.
You feel better.
A red film seems to cover your vision as you go berserk!
You feel yourself moving faster!
You feel mighty!
An Orb Guardian comes into view.
The Orb Guardian misses you.
The Killer Klown enters a dispersal trap!
The dread lich blinks!
The orb of fire blinks!
The Orb Guardian blinks!
The orb of fire blinks!
The Orb Guardian blinks!
The Killer Klown blinks! x2
The Orb Guardian blinks! x2; The dread lich blinks!
The Orb Guardian blinks! x2
The Killer Klown blinks!
The Orb Guardian blinks!
You blink.
The Killer Klown blinks!
The Orb Guardian moves out of view.
Really walk into that dispersal trap?
You enter a dispersal trap!
The Killer Klown blinks!
The Orb Guardian blinks!
The Killer Klown blinks!
The Orb Guardian blinks!
The dread lich blinks!
The Orb Guardian blinks! x4; The Killer Klown blinks! x2; You blink.
An Orb Guardian comes into view.
You feel a strong urge to attack something.
A dread lich comes into view.
The orb of fire glows bright magenta.
The fireball explodes!
The fireball engulfs you!!!
* * * LOW HITPOINT WARNING * * *
A Killer Klown comes into view. It is wielding a +12 club.
You feel your anger nearly subside.
The orb of fire glows red.
The bolt of fire hits you!!!
You die...
Your body crumbles into a pile of gold.

▓▓......§..............*▓.^..
▓▓......pDL.....Lp.....^....
▓▓.......§...*..........▓....
▓▓...§§§§..^*X...$.......▓*..9
▓.§....p.*X.XX.......^...▓**..
▓................$......^▓ **▓
▓▓§§..[....^....$$......▓▓
▓▓§§..X.§.......$....▓▓▓
▓▓▓▓§.§.§..h.....▓▓▓▓
*▓▓▓▓▓▓▓▓▓▓▓▓▓▓


You could see 3 orbs of fire, 3 Killer Klowns, a golden dragon, 2 dread liches
and 5 Orb Guardians.

Vanquished Creatures
  A dread lich (Zot:5)
  An orb of fire (Zot:3)
  3 ancient liches
  Boris (Vaults:3)
  Bai Suzhen (Vaults:2)
  Frederick (Vaults:2)
  Saint Roka (Elf:3)
  3 curse toes
  Jory (Depths:2)
  12 golden dragons
  2 bone dragons
  Arachne (Spider:2)
  A Tzitzimitl (Zot:4)
  3 doom hounds (Zot:4)
  A hellephant (Depths:3)
  3 electric golems
  18 tentacled monstrosities
  3 deep elf master archers (Elf:3)
  13 Orb Guardians (Zot:5)
  2 liches
  Grunn (Zot:4)
  3 deep elf blademasters
  Asterion (Spider:2)
  4 quicksilver dragons
  An ancient champion (Vaults:3)
  6 titans
  Frances (Spider:2)
  5 sphinxes
  A thorn hunter (Swamp:1)
  A tentacled starspawn (Abyss:4)
  3 death cobs
  Kirke (D:14)
  8 tengu reavers
  13 storm dragons
  A fenstrider witch (Swamp:2)
  8 shadow dragons
  Agnes (Vaults:3)
  A revenant (Vaults:3)
  A draconian monk (Zot:4)
  3 draconian knights
  4 emperor scorpions
  17 vault wardens
  5 frost giants
  6 draconian scorchers
  11 fire giants
  3 iron dragons
  Louise (Swamp:2)
  12 ghost moths
  9 deep elf sorcerers
  A balrug (Zot:5)
  4 draconian shifters
  8 deep elf elementalists (Elf:3)
  2 orc warlords (Vaults:1)
  5 spriggan defenders
  6 draconian stormcallers
  9 draconian annihilators
  2 reapers (Zot:4)
  10 very ugly things
  3 broodmothers
  21 ironbound preservers
  9 ironbound thunderhulks
  8 vampire knights
  16 stone giants
  8 green draconians
  4 war gargoyles
  11 deep elf demonologists
  A bunyip (shapeshifter) (Vaults:5)
  13 black draconians
  A putrid mouth (Zot:4)
  4 eleionomae
  21 dire elephants
  8 red draconians
  8 white draconians
  9 yellow draconians
  A spark wasp (shapeshifter) (Vaults:5)
  13 deep elf annihilators
  13 spark wasps
  11 purple draconians
  21 ettins
  6 deep elf death magi
  7 eidola (Depths:2)
  7 fire dragons
  A crystal guardian (Vaults:2)
  15 yaktaur captains
  3 entropy weavers
  7 deep elf high priests
  7 ice dragons
  2 rakshasas (Depths:3)
  38 vault guards
  5 great orbs of eyes
  23 hydras
  5 spriggan air magi
  2 salamander tyrants (Depths:3)
  A jorogumo (Spider:3)
  A ghost crab (Swamp:4)
  12 ironbound frosthearts
  12 centaur warriors
  5 radroaches
  7 boulder beetles
  3 ogre magi
  2 peacekeepers
  27 dancing weapons
  11 two-headed ogres
  7 alligators
  18 death yaks
  4 deep troll shamans
  7 deep troll earth magi
  A soul eater (Depths:2)
  4 tengu warriors
  2 spriggan berserkers (Depths:4)
  A titan zombie (Vaults:3)
  A vampire mage (Vaults:3)
  5 orc high priests (Orc:2)
  6 hell knights
  21 deep elf knights
  10 sun demons
  9 spriggans
  A skeletal warrior (Vaults:3)
  10 shadow wraiths (Depths:2)
  3 sun moths
  2 goliath frogs
  16 iron trolls
  A sea snake (shapeshifter) (Vaults:5)
  A fire crab (shapeshifter) (Elf:1)
  4 pharaoh ants
  63 deep trolls
  A shadow demon (Depths:2)
  6 flayed ghosts
  4 skysharks
  9 spriggan druids
  18 lindwurms
  11 phantasmal warriors
  19 ironbound convokers
  5 bog bodies
  11 orb spiders
  3 steelbarb worms
  9 deep elf archers
  2 glowing orange brains
  2 starcursed masses (Abyss:4)
  8 swamp dragons
  2 steelbarb worms (shapeshifter)
  6 wizards
  31 deep elf zephyrmancers
  12 orc knights
  An iron dragon zombie (Depths:1)
  35 ugly things
  24 deep elf pyromancers
  The ghost of Beavis the Conjurer, a novice DsHu of Vehumet (D:7)
  3 necromancers (Depths:1)
  2 tengu skeletons
  2 cyclopes (shapeshifter)
  3 shining eyes (Depths:1)
  3 orc sorcerers
  A salamander (shapeshifter) (D:14)
  38 moths of wrath
  29 wolf spiders
  3 manticores
  A frost giant zombie (Depths:1)
  A salamander (Depths:1)
  3 cyclopes
  5 elephants
  2 large abominations (Abyss:4)
  An ice statue (IceCv)
  2 stone giant skeletons
  2 rust devils (Depths:2)
  4 black mambas
  A black mamba (shapeshifter) (Vaults:2)
  4 demonic crawlers
  16 vault sentinels
  6 torpor snails
  9 cane toads
  An unseen horror (shapeshifter) (Vaults:5)
  3 gargoyles
  2 smoke demons
  An unseen horror (D:11)
  3 orange demons
  A cane toad (shapeshifter) (Elf:3)
  9 rime drakes
  2 freezing wraiths
  4 kobold demonologists
  4 ice devils
  3 tengu conjurers
  13 komodo dragons
  A red devil (Lair:5)
  24 yaktaurs
  A silent spectre (Abyss:4)
  3 meliai (Lair:4)
  A meliai (shapeshifter) (D:15)
  6 tyrant leeches
  A hellwing (Depths:2)
  A queen bee (Lair:4)
  15 hornets
  11 trolls
  16 polar bears
  A dream sheep (Lair:5)
  28 tarantellas
  A blink frog (shapeshifter) (D:15)
  5 blink frogs
  A shadow dragon simulacrum (Depths:1)
  A jumping spider (shapeshifter) (Elf:1)
  39 slime creatures
  A centaur simulacrum (D:14)
  3 air elementals
  21 jumping spiders
  2 ettin skeletons (Abyss:4)
  64 yaks
  29 culicivoras
  A shadow (D:12)
  2 water elementals
  6 wyverns
  2 fire elementals
  3 hogs (D:14)
  8 humans (D:14)
  2 wraiths (D:13)
  67 redbacks
  12 basilisks
  16 vampire mosquitoes
  4 neqoxecs (Abyss:4)
  A chaos spawn (Depths:2)
  Menkaure (D:6)
  13 swamp worms
  3 acid dragons
  2 wargs (Orc:2)
  14 water moccasins
  5 hell hounds
  Pargi (Sewer)
  A floating eye (Abyss:4)
  10 swamp drakes
  3 black bears
  41 orc warriors
  A spriggan simulacrum (Depths:1)
  19 wolves
  18 ogres
  A boggart (Vaults:1)
  10 centaurs
  An elf zombie (Ossuary)
  12 kobold brigands
  A phantom (D:7)
  13 bullfrogs
  3 earth elementals
  A scorpion (D:5)
  18 wights
  30 killer bees (Lair:4)
  7 howler monkeys
  2 electric eels
  2 centaur zombies (Ossuary)
  A human zombie (Ossuary)
  29 orc priests
  3 hounds
  7 jellies
  A gnoll bouda (D:9)
  3 iguanas
  18 orc wizards
  3 hound zombies (Ossuary)
  3 mummies (Ossuary)
  6 gnolls
  12 adders
  A river rat (shapeshifter) (Vaults:5)
  An ufetubus (D:7)
  5 adder zombies (Ossuary)
  A worm (D:4)
  A dart slug (D:1)
  83 orcs
  4 ball pythons
  7 endoplasms
  4 giant cockroaches
  13 goblins
  12 hobgoblins
  7 jackals
  40 kobolds
  6 quokkas
  5 bats
  4 frilled lizards
  A gnoll zombie (Ossuary)
  6 goblin zombies
  5 hobgoblin zombies (Ossuary)
  5 jackal zombies (Ossuary)
  A kobold zombie (Ossuary)
  An orc zombie (Ossuary)
  A quokka zombie (Ossuary)
  6 rats
  5 rat zombies
  3 briar patches (Swamp:1)
  A butterfly (Lair:1)
2216 creatures vanquished.

Vanquished Creatures (others)
  the Lernaean hydra (Swamp:4)
  A hydra (Swamp:4)
  2 deep elf knights
  A swamp dragon (Swamp:4)
  A necromancer (Vaults:3)
  2 ironbound convokers (Vaults:1)
  A tengu conjurer (D:13)
  3 bloated husks
  A human (D:14)
  An orc wizard (D:10)
  An orc (Elf:1)
  A bush (Lair:5)
  50 fungi
  40 plants
106 creatures vanquished.

Grand Total: 2322 creatures vanquished

Notes
Turn   | Place    | Note
-------+----------+-------------------------------------------
     0 | D:1      | Iich the Hill Orc Fighter began the quest for the Orb.
     0 | D:1      | Reached XP level 1. HP: 19/19 MP: 1/1
   221 | D:1      | Reached XP level 2. HP: 27/27 MP: 2/2
   984 | D:1      | Reached XP level 3. HP: 29/33 MP: 3/3
  1649 | D:2      | Reached XP level 4. HP: 41/41 MP: 4/4
  1659 | D:2      | Found a sacrificial altar of Ru.
  1764 | D:3      | Reached skill level 5 in Axes
  2128 | D:3      | Found a burning altar of Makhleb.
  2185 | D:3      | You fall into a shaft and drop 2 floors!
  2185 | D:5      | Entered Level 5 of the Dungeon
  2240 | D:5      | Identified the ring of Vamn {Wiz *Slow rElec rF++ Dex+3}
  2247 | D:5      | Noticed a scorpion
  2261 | D:5      | Killed a scorpion
  2262 | D:5      | Reached skill level 5 in Fighting
  2262 | D:5      | Reached XP level 5. HP: 18/48 MP: 5/5
  2607 | D:5      | Noticed a water moccasin
  2621 | D:5      | Killed a water moccasin
  2622 | D:5      | Reached XP level 6. HP: 43/56 MP: 6/6
  2739 | D:4      | Found a glowing drain.
  2763 | Sewer    | Entered a sewer
  2790 | Sewer    | Noticed Pargi
  2803 | Sewer    | Killed Pargi
  3166 | D:3      | Identified the +2 plate armour "Zasuoxan" {Will+}
  3386 | D:4      | Reached XP level 7. HP: 41/63 MP: 7/7
  3494 | D:4      | Found a broken altar of Ashenzari.
  3494 | D:4      | Found a radiant altar of Vehumet.
  4450 | D:6      | Reached XP level 8. HP: 48/71 MP: 8/8
  4616 | D:6      | Noticed Menkaure
  4617 | D:6      | Found an opulent altar of Gozag.
  4635 | D:6      | Killed Menkaure
  4636 | D:6      | Reached skill level 10 in Axes
  4636 | D:6      | Reached skill level 5 in Armour
  4640 | D:6      | Became a worshipper of Gozag Ym Sagoz the Greedy
  4813 | D:6      | Found a sand-covered staircase.
  4951 | Ossuary  | Entered an ossuary
  5312 | Ossuary  | Gained mutation: You have a pair of small horns on your
                  | head. [potion of mutation]
  5312 | Ossuary  | Gained mutation: You have sharp fingernails. [potion of
                  | mutation]
  5312 | Ossuary  | Gained mutation: You are partially covered in iridescent
                  | scales. (AC +2) [potion of mutation]
  5314 | Ossuary  | Lost mutation: You have sharp fingernails. [potion of
                  | mutation]
  5314 | Ossuary  | Lost mutation: You are partially covered in iridescent
                  | scales. (AC +2) [potion of mutation]
  5314 | Ossuary  | Gained mutation: You have hidden genetic potential. [potion
                  | of mutation]
  5314 | Ossuary  | Lost mutation: You have hidden genetic potential. [potion
                  | of mutation]
  5314 | Ossuary  | Gained mutation: You possess an exceptional clarity of
                  | mind. [potion of mutation]
  5315 | Ossuary  | Lost mutation: You have a pair of small horns on your head.
                  | [potion of mutation]
  5315 | Ossuary  | Lost mutation: You possess an exceptional clarity of mind.
                  | [potion of mutation]
  5315 | Ossuary  | Gained mutation: Your system is resistant to poisons.
                  | (rPois) [potion of mutation]
  5780 | D:7      | Reached XP level 9. HP: 81/81 MP: 9/9
  5793 | D:7      | Found a staircase to the Ecumenical Temple.
  5895 | D:7      | Found a flagged portal.
  5936 | Bailey   | Entered a bailey
  5943 | Bailey   | Noticed an orc knight
  6295 | Bailey   | Killed an orc knight
  6996 | D:7      | Noticed a gargoyle
  6998 | D:7      | Found a transporter.
  6998 | D:7      | Noticed Beavis's ghost (novice DsHu)
  7002 | D:7      | Noticed a troll
  7031 | D:7      | Found a transporter.
  7054 | D:7      | Found an ornate altar of the Wu Jian Council.
  7333 | D:8      | Identified the ring "Vipale" {rElec rF+ Str+6 SInv Stlth+}
  7372 | D:8      | Noticed a hornet
  7383 | D:8      | Killed a hornet
  7500 | D:8      | Found a staircase to the Lair.
  7594 | D:8      | Found an iron altar of Okawaru.
  7598 | D:8      | Reached XP level 10. HP: 91/91 MP: 10/10
  7697 | D:8      | Found a sparkling altar of Nemelex Xobeh.
  7791 | D:8      | Found a sacrificial altar of Ru.
  7938 | D:8      | Found a glowing silver altar of Zin.
  8192 | D:9      | Reached skill level 10 in Fighting
  8507 | D:9      | Reached skill level 15 in Axes
  8744 | D:9      | Reached XP level 11. HP: 101/101 MP: 11/11
  8939 | D:9      | Found a bloodstained altar of Trog.
  9057 | D:9      | Found an ancient bone altar of Kikubaaqudgha.
  9431 | D:10     | Entered Level 10 of the Dungeon
  9616 | D:10     | Identified the +2 robe of Somewhere Else {rF+ Will- Int+3}
  9742 | D:10     | Noticed a manticore
  9752 | D:10     | Killed a manticore
 10247 | D:10     | Found a staircase to the Orcish Mines.
 10386 | Lair:1   | Entered Level 1 of the Lair of Beasts
 10428 | Lair:1   | Noticed a death yak
 10429 | Lair:1   | Noticed a death yak
 10431 | Lair:1   | Noticed a death yak
 10433 | Lair:1   | Noticed a death yak
 10445 | Lair:1   | Killed a death yak
 10446 | Lair:1   | Reached skill level 10 in Armour
 10453 | Lair:1   | Killed a death yak
 10453 | Lair:1   | Killed a death yak
 10458 | Lair:1   | Killed a death yak
 10459 | Lair:1   | Reached XP level 12. HP: 44/112 MP: 12/12
 10780 | Lair:1   | Identified the +3 mace of Destruction {antimagic, *Corrode
                  | Will++ Int+2 Stlth+}
 10861 | Lair:1   | Identified the ring of Modesty {rF++ Dex+2 SInv}
 11148 | Lair:1   | Got the Cyclopedia of Breezy Glaciation
 11586 | D:7      | Killed Beavis's ghost
 11985 | Lair:2   | Found a hole to the Spider Nest.
 12108 | Lair:2   | Noticed a five-headed hydra
 12118 | Lair:2   | Killed a nine-headed hydra
 12273 | Lair:2   | Noticed a four-headed hydra
 12285 | Lair:2   | Killed a nine-headed hydra
 12382 | Lair:2   | Found a staircase to the Swamp.
 12548 | Lair:2   | Bought a pair of translucent gloves for 275 gold pieces
 12548 | Lair:2   | Identified the +0 pair of gloves of Ashenzari's Generosity
                  | {rPois rF+} (You bought it in a shop on level 2 of the Lair
                  | of Beasts)
 12548 | Lair:2   | Bought a shiny helmet for 217 gold pieces
 12581 | Lair:3   | Found a snail-covered altar of Cheibriados.
 12744 | Lair:3   | Reached XP level 13. HP: 106/122 MP: 13/13
 14626 | Lair:4   | Found a staircase to the Slime Pits.
 14935 | Lair:5   | Entered Level 5 of the Lair of Beasts
 15138 | Lair:5   | Reached XP level 14. HP: 121/133 MP: 14/14
 15200 | Lair:5   | Found a burning altar of Makhleb.
 15226 | Lair:5   | Reached skill level 15 in Fighting
 15452 | Lair:5   | Found a gateway to Hell.
 15778 | Lair:5   | Got the Handbook of Intoxication
 17618 | D:11     | Found a frozen archway.
 17635 | IceCv    | Entered an ice cave
 18054 | IceCv    | Reached XP level 15. HP: 132/144 MP: 15/15
 18694 | D:11     | Found a shimmering altar of Xom.
 18936 | D:11     | Found a sacrificial altar of Ru.
 19713 | D:12     | Identified a scroll of acquirement
 19714 | D:12     | Acquired 828 gold pieces
 20733 | D:13     | Bought the +7 plate armour "Tyoceul" {Harm Regen+} for 1040
                  | gold pieces
 21428 | D:14     | Noticed Kirke
 21431 | D:14     | Noticed a sphinx
 21437 | D:14     | Killed Kirke
 21438 | D:14     | Reached skill level 15 in Armour
 21535 | D:14     | Identified the +8 great sword of Quantum Leap {flame,
                  | Int+3}
 21537 | D:14     | Found a gate to the Vaults.
 22064 | D:15     | Entered Level 15 of the Dungeon
 22125 | D:15     | Found Betuh's Magic Scroll Shoppe.
 22317 | D:15     | Reached XP level 16. HP: 155/155 MP: 16/16
 22355 | D:15     | Found Henieqiq's Antique Armour Emporium.
 22374 | D:15     | Found Zusmoteujy's Antique Weapon Emporium.
 22520 | D:15     | Identified the +1 long sword of Vuut {heavy, Will- Int+2
                  | Dex+2}
 22653 | D:15     | Paralysed by a great orb of eyes for 3 turns
 22695 | D:15     | Found a staircase to the Depths.
 23010 | Orc:1    | Entered Level 1 of the Orcish Mines
 23250 | Orc:1    | Found Senires's Vocational Training.
 23417 | Orc:2    | Entered Level 2 of the Orcish Mines
 23447 | Orc:2    | Found a staircase to the Elven Halls.
 23729 | Orc:2    | Reached skill level 5 in Shields
 23925 | Orc:2    | Found Laepeun's Book Emporium.
 24129 | Orc:2    | Found Ogaiczas's Armour Boutique.
 24132 | Orc:2    | Found Cootaamu's Jewellery Boutique.
 24133 | Orc:2    | Found Akkucw's Assorted Antiques.
 24134 | Orc:2    | Found Kodus's Book Shop.
 24137 | Orc:2    | Bought a scroll of teleportation for 63 gold pieces
 24137 | Orc:2    | Bought a lightning rod (4/4) for 630 gold pieces
 24393 | Spider:1 | Entered Level 1 of the Spider Nest
 25244 | Spider:2 | Noticed Frances
 25254 | Spider:2 | Killed Frances
 25288 | Spider:2 | Identified the +0 robe of the Game of Kings {rElec rC-
                  | Str+3}
 25573 | Spider:2 | Reached XP level 17. HP: 109/163 MP: 17/17
 25647 | Spider:2 | Noticed Arachne
 25659 | Spider:2 | Killed Arachne
 25829 | Spider:2 | Noticed Asterion
 25838 | Spider:2 | Gained mutation: Your body sometimes deteriorates upon
                  | taking damage. [a cacodemon]
 25842 | Spider:2 | Gained mutation: You are clumsy. (Dex -2) [a cacodemon]
 25845 | Spider:2 | Killed Asterion
 27012 | Swamp:1  | Entered Level 1 of the Swamp
 27296 | Swamp:1  | Found a stormy altar of Qazlal.
 27317 | Swamp:1  | Reached skill level 27 in Axes
 27534 | Swamp:2  | Paralysed by a fenstrider witch for 2 turns
 27649 | Swamp:2  | Noticed Louise
 27671 | Swamp:2  | Killed Louise
 27697 | Swamp:2  | Identified the +8 hand axe of Seniwir {venom, rPois Str+5
                  | Stlth+}
 28981 | Spider:4 | Entered Level 4 of the Spider Nest
 29129 | Spider:4 | Reached XP level 18. HP: 174/176 MP: 18/18
 29392 | Spider:4 | Reached skill level 10 in Shields
 29552 | Spider:4 | Got Lom Lobon's Atlas of Battling
 30334 | Spider:4 | Got a gossamer rune of Zot
 30696 | Swamp:4  | Entered Level 4 of the Swamp
 30893 | Swamp:4  | Noticed the 27-headed Lernaean hydra
 30898 | Swamp:4  | Killed the 26-headed Lernaean hydra
 30989 | Swamp:4  | Got a decaying rune of Zot
 31823 | Vaults:1 | Entered Level 1 of the Vaults
 32003 | Vaults:1 | Reached XP level 19. HP: 187/187 MP: 19/19
 32595 | Vaults:1 | Identified the ring of the Evil One {Fire Contam Will+
                  | Int+5}
 33243 | Vaults:1 | Lost mutation: Your body sometimes deteriorates upon taking
                  | damage. [potion of mutation]
 33243 | Vaults:1 | Lost mutation: Your system is resistant to poisons. (rPois)
                  | [potion of mutation]
 33243 | Vaults:1 | Lost mutation: You are clumsy. (Dex -2) [potion of
                  | mutation]
 33243 | Vaults:1 | Gained mutation: Armour fits poorly on your strangely
                  | shaped body. [potion of mutation]
 33244 | Vaults:1 | Lost mutation: Armour fits poorly on your strangely shaped
                  | body. [potion of mutation]
 33244 | Vaults:1 | Gained mutation: You are robust. (+10% HP) [potion of
                  | mutation]
 33244 | Vaults:1 | Gained mutation: You occasionally shout uncontrollably at
                  | your foes. [potion of mutation]
 33244 | Vaults:1 | Gained mutation: Your movements are slightly less
                  | encumbered by armour. (ER -2) [potion of mutation]
 33604 | Vaults:2 | Identified the +0 broad axe of Due Proportion {heavy,
                  | Will++ Int+4}
 33699 | Vaults:2 | Reached skill level 15 in Shields
 33700 | Vaults:2 | Reached XP level 20. HP: 56/217 MP: 20/20
 33845 | Vaults:2 | Identified the -2 cloak of the Invisible Leylines {rF+++
                  | Str+5 Stlth+}
 34207 | Vaults:2 | Noticed Bai Suzhen
 34221 | Vaults:2 | Killed Bai Suzhen
 34226 | Vaults:2 | Noticed Frederick
 34244 | Vaults:2 | Killed Frederick
 34841 | Vaults:3 | Noticed Agnes
 34863 | Vaults:3 | Killed Agnes
 34882 | Vaults:3 | Noticed Boris
 34894 | Vaults:3 | Killed Boris
 35198 | Vaults:3 | Found Cephad's Jewellery Emporium.
 35287 | Vaults:3 | Lost mutation: You occasionally shout uncontrollably at
                  | your foes. [potion of mutation]
 35287 | Vaults:3 | Lost mutation: Your movements are slightly less encumbered
                  | by armour. (ER -2) [potion of mutation]
 35287 | Vaults:3 | Lost mutation: You are robust. (+10% HP) [potion of
                  | mutation]
 35287 | Vaults:3 | Gained mutation: You are partially covered in iridescent
                  | scales. (AC +2) [potion of mutation]
 35287 | Vaults:3 | Gained mutation: You have large cloven feet. [potion of
                  | mutation]
 35397 | Vaults:3 | Lost mutation: You have large cloven feet. [potion of
                  | mutation]
 35397 | Vaults:3 | Lost mutation: You are partially covered in iridescent
                  | scales. (AC +2) [potion of mutation]
 35397 | Vaults:3 | Gained mutation: Your magical capacity is low. (-10% MP)
                  | [potion of mutation]
 35397 | Vaults:3 | Gained mutation: You have a pair of small horns on your
                  | head. [potion of mutation]
 35398 | Vaults:3 | Lost mutation: You have a pair of small horns on your head.
                  | [potion of mutation]
 35398 | Vaults:3 | Lost mutation: Your magical capacity is low. (-10% MP)
                  | [potion of mutation]
 35398 | Vaults:3 | Gained mutation: Your magical capacity is low. (-10% MP)
                  | [potion of mutation]
 35399 | Vaults:3 | Lost mutation: Your magical capacity is low. (-10% MP)
                  | [potion of mutation]
 35399 | Vaults:3 | Gained mutation: You are resistant to electric shocks.
                  | (rElec) [potion of mutation]
 35399 | Vaults:3 | Gained mutation: Your muscles are strong. (Str +4, Int/Dex
                  | -1) [potion of mutation]
 35872 | Vaults:3 | Found a staircase to the Crypt.
 36404 | Vaults:4 | Identified the +1 arbalest "Liocuubb" {antimagic, rPois
                  | Str-2 Int+2}
 36406 | Vaults:4 | Identified the +2 arbalest "Wunepe" {antimagic, rPois Int+3
                  | Dex+3}
 36524 | Vaults:4 | Reached XP level 21. HP: 209/209 MP: 21/21
 37745 | Elf:1    | Entered Level 1 of the Elven Halls
 37817 | Elf:1    | Found Ceekotis's Weapon Shop.
 37823 | Elf:1    | Found Sino's Weapon Shop.
 37823 | Elf:1    | Found Vuoth's Magic Scroll Boutique.
 37829 | Elf:1    | Found Guotsew's Magic Scroll Boutique.
 37838 | Elf:1    | Bought a scroll of magic mapping for 142 gold pieces
 37843 | Elf:1    | Found an ancient bone altar of Kikubaaqudgha.
 37946 | Elf:1    | Found a runed translucent gate.
 37946 | Elf:1    | Found a runed translucent gate.
 37946 | Elf:1    | Found a runed translucent gate.
 37946 | Elf:1    | Found a runed translucent gate.
 37946 | Elf:1    | Found a runed translucent gate.
 37952 | Elf:1    | Found a runed translucent gate.
 38070 | Elf:1    | Paralysed by an air elemental for 1 turns
 38073 | Elf:1    | Paralysed by an air elemental for 1 turns
 38571 | Elf:1    | Paralysed by an air elemental for 1 turns
 38852 | Elf:2    | Paralysed by an air elemental for 1 turns
 39201 | Elf:2    | Found a runed translucent gate.
 39205 | Elf:2    | Found a runed translucent gate.
 39205 | Elf:2    | Found a runed translucent gate.
 39248 | Elf:2    | Reached XP level 22. HP: 218/220 MP: 22/22
 39625 | Elf:3    | Entered Level 3 of the Elven Halls
 39648 | Elf:3    | Gained mutation: You have a pair of small antennae on your
                  | head. [a cacodemon]
 40042 | Elf:3    | Noticed Saint Roka
 40052 | Elf:3    | Killed Saint Roka
 40154 | Abyss:4  | Found a corrupted altar of Lugonu.
 40154 | Abyss:4  | Cast into level 4 of the Abyss (a deep elf sorcerer)
 40181 | Abyss:4  | Found a corrupted altar of Lugonu.
 40204 | Abyss:4  | Found a corrupted altar of Lugonu.
 40311 | Abyss:4  | Got an abyssal rune of Zot
 40322 | Abyss:4  | Gained mutation: You occasionally lose the ability to read
                  | scrolls when taking damage. [a neqoxec]
 40342 | Elf:3    | Escaped the Abyss
 40511 | Elf:3    | Identified the +2 scimitar of Doom {pain, Will++ Dex+4}
 40512 | Elf:3    | Identified the +1 pair of boots "Ashesi" {rC+ Stlth+}
 40535 | Elf:3    | Identified the +1 long sword of Baking Untimely Demise
                  | {elec, Dex+3}
 40547 | Elf:3    | Identified the +4 plate armour of the Thistle {Dex+2
                  | Stlth+}
 40553 | Elf:3    | Got the Incunabulum of the Ageless Brambles
 40558 | Elf:3    | Lost mutation: You are resistant to electric shocks.
                  | (rElec) [potion of mutation]
 40558 | Elf:3    | Lost mutation: You occasionally lose the ability to read
                  | scrolls when taking damage. [potion of mutation]
 40558 | Elf:3    | Gained mutation: You are somewhat resistant to further
                  | mutation. [potion of mutation]
 40558 | Elf:3    | Gained mutation: You are robust. (+10% HP) [potion of
                  | mutation]
 40578 | Elf:3    | Identified the +1 cloak of Lugonu's Favour {Rampage rPois
                  | Will- Dex-2}
 40654 | Elf:3    | Got the Precepts of Reconstruction
 40662 | Elf:3    | Identified the +0 scale mail of the Teacher {-Tele Regen+
                  | rCorr Int-3}
 40694 | Elf:3    | Identified the +8 sling of Yqioropp {elec, Str+2 Int+3}
 41304 | Depths:1 | Entered Level 1 of the Depths
 41376 | Depths:1 | Paralysed by a great orb of eyes for 2 turns
 41402 | Depths:1 | Gained mutation: You are clumsy. (Dex -2) [a shining eye]
 41417 | Depths:1 | Reached XP level 23. HP: 254/254 MP: 23/23
 41620 | Depths:1 | Found Ekitut's Self-Improvement Boutique.
 41629 | Depths:1 | Bought a manual of Shields for 1040 gold pieces
 41734 | Depths:1 | Found Eshalao's Jewellery Shop.
 41734 | Depths:1 | Found Xusasujy's Book Emporium.
 41735 | Depths:1 | Found Bokkenir's Book Emporium.
 42216 | Depths:2 | Found a portal to a secret trove of treasure.
 42607 | Depths:2 | Noticed Jory
 42616 | Depths:2 | Killed Jory
 42884 | Depths:2 | Found the ring of the Tortoise {AC+8}
 42988 | Depths:2 | Found a one-way gate leading to the halls of Pandemonium.
 43169 | Depths:2 | Found a one-way gateway to a ziggurat.
 43778 | Depths:2 | Identified the ring of Dyekh {rF+ rCorr Int+6}
 43795 | Depths:2 | Bought a potion of heal wounds for 60 gold pieces
 43887 | Depths:2 | You paid a toll of 11 potions of heal wounds to enter a
                  | treasure trove
 43888 | Trove    | Entered a treasure trove
 43905 | Trove    | Identified the +5 broad axe "Hiufakle" {heavy, rElec rPois
                  | rF++ Str-3}
 44541 | Depths:3 | Paralysed by a sphinx for 2 turns
 44606 | Depths:3 | Found a one-way gate to the infinite horrors of the Abyss.
 44846 | Depths:3 | Reached XP level 24. HP: 221/267 MP: 23/23
 44996 | Depths:4 | Entered Level 4 of the Depths
 45161 | Depths:4 | Found a shadowy altar of Dithmenos.
 45173 | Depths:4 | Found a flickering gateway to a bazaar.
 45180 | Bazaar   | Entered a bazaar
 45226 | Bazaar   | Found Puwky's Jewellery Shoppe.
 45242 | Bazaar   | Found Qurud's Antique Armour Emporium.
 45258 | Bazaar   | Found Hekkiogg's Armour Emporium.
 45263 | Bazaar   | Bought the +3 crown of Dyrovepreva {rElec Int+2 SInv} for
                  | 496 gold pieces
 45263 | Bazaar   | Found the +3 crown of Dyrovepreva {rElec Int+2 SInv}
 45724 | Depths:4 | Found a gate to the Realm of Zot.
 46153 | Vaults:5 | Entered Level 5 of the Vaults
 46169 | Vaults:5 | Noticed an ancient lich
 46173 | Vaults:5 | Killed an ancient lich
 46174 | Vaults:5 | Noticed an ancient lich
 46186 | Vaults:5 | Killed an ancient lich
 46409 | Abyss:4  | Cast into level 4 of the Abyss (a deep elf demonologist)
 46430 | Vaults:5 | Escaped the Abyss
 46652 | Vaults:5 | Identified the +2 robe of Uskayaw's Delight {rC+}
 46691 | Vaults:5 | Got Utoi's Catalogue of the Posthumous Syncline
 46717 | Vaults:5 | Reached XP level 25. HP: 278/278 MP: 23/23
 46796 | Vaults:5 | Got a silver rune of Zot
 46969 | Vaults:5 | Identified the +0 ring mail of Xysaariy {rC+ Slay+3}
 47906 | Zot:1    | Entered Level 1 of the Realm of Zot
 47936 | Zot:1    | Reached skill level 27 in Shields
 49038 | Zot:2    | Reached skill level 27 in Fighting
 49066 | Zot:2    | Identified the +4 whip "Gom Zuentia" {venom, rN+ Int+3}
 49814 | Zot:3    | Noticed an orb of fire
 49816 | Zot:3    | Reached XP level 26. HP: 276/290 MP: 23/23
 49824 | Zot:3    | Killed an orb of fire
 50468 | Zot:4    | Noticed Grunn
 50476 | Zot:4    | Reached skill level 27 in Armour
 50476 | Zot:4    | Reached skill level 1 in Dodging
 50480 | Zot:4    | Killed Grunn
 50665 | Zot:4    | Reached skill level 5 in Dodging
 51776 | Zot:5    | Entered Level 5 of the Realm of Zot
 52354 | Zot:5    | Noticed a dread lich
 52361 | Zot:5    | Killed a dread lich
 52368 | Zot:5    | Reached skill level 10 in Dodging
 52369 | Zot:5    | Noticed an ancient lich
 52370 | Zot:5    | Noticed a Killer Klown
 52373 | Zot:5    | Paralysed by a Zot trap for 2 turns
 52373 | Zot:5    | Noticed a Killer Klown
 52374 | Zot:5    | Noticed an orb of fire
 52375 | Zot:5    | Noticed an orb of fire
 52376 | Zot:5    | Noticed a Killer Klown
 52377 | Zot:5    | Noticed a Killer Klown
 52378 | Zot:5    | Killed an ancient lich
 52379 | Zot:5    | Reached XP level 27. HP: 260/299 MP: 3/23
 52390 | Zot:5    | Noticed a dread lich
 52441 | Zot:5    | Noticed an orb of fire
 52461 | Zot:5    | Noticed a dread lich
 52462 | Zot:5    | HP: 19/450 [orb of fire/fireball (69)]
 52463 | Zot:5    | Killed from afar by an orb of fire

Illustrated notes

Levels and vault maps discovered:
D:1:      kilobyte_arrival_exit_the_forest, layout_basic,
          nicolae_figureground_pulse
D:2:      layout_basic, basic_altar, hangedman_decor_clover_reticule
D:3:      layout_loops_ring, bloody_makhleb
D:4:      nicolae_BIG_FREAKIN_CUBE, layout_basic,
          gammafunk_temple_overflow_wave, portal_sewer_entry_a,
          minmay_goblin_kobold_house
D:5:      layout_cave_pools, chequers_serial_rivers_room_b
D:6:      layout_basic, nicolae_gozag_seed_capital, serial_curves,
          eino_curves_01, eino_curves_02, enter_ossuary_4, nicolae_half_adder,
          uniq_menkaure
D:7:      layout_rooms, mainiacjoe_overflow_boulevard, minmay_temple_entry_mist,
          enter_bailey_4, gammafunk_ghost_arena
D:8:      layout_basic, mainiacjoe_overflow_tiny_flanked, lemuel_round_altar,
          zin_academy, nemelex_spade_bored_becter, lair_entry_dummy
D:9:      layout_basic, kiku_gazebo_garden_becter,
          nicolae_overflow_crystal_walls, nrook_loot_triangle
D:10:     layout_rooms, erik_orc_1
D:11:     layout_irregular_city, portal_ice_cave_entry_pillars_1, minivault_25,
          hangedman_feature_mirror
D:12:     layout_loops_ring
D:13:     layout_stronghold
D:14:     layout_roguey, ximxim_vaults_locker_room, nicolae_twisting_strands,
          uniq_kirke
D:15:     gammafunk_enter_depths_forms, layout_loops_ring, serial_bayou_shore_a,
          serial_shops, nicolae_shop_trees, shop, shop
Lair:1:   layout_chaotic_city, serial_bayou, serial_bayou_lagoon_a,
          serial_bayou_pond_a, serial_bayou_pond_c, serial_bayou_pond_d,
          grunt_megastairs_2, lemuel_fruit_fields
Lair:2:   layout_hall_layers, minmay_swamp_entry_worms,
          nicolae_spider_entry_tight_spaces, nicolae_lair_grove_arrangements
Lair:3:   layout_hall_layers, basic_altar, grunt_megastairs_4
Lair:4:   regret_index_bee_streams, layout_regular_city, slime_entry_1,
          kennysheep_basilisk_garden, infiniplex_staircase_pool
Lair:5:   evil_forest, layout_loops_ring, lemuel_fruit_tree,
          serial_bayou_shore_b
Swamp:1:  layout_basic_swamp, basic_altar
Swamp:2:  layout_basic_swamp, evilmike_swamp_ruin_rubble_1, swamp_pool3,
          uniq_louise
Swamp:3:  layout_falls_marsh, evilmike_swamp_ruin_wall
Swamp:4:  swamp_old_school, layout_basic_swamp, infiniplex_staircase_pool_2
Spider:1: layout_spider_delve
Spider:2: layout_spider_delve, uniq_asterion, uniq_frances, uniq_arachne
Spider:3: layout_spider_delve, nicolae_spider_cling_halls
Spider:4: spider_rune_water
Orc:1:    nicolae_orc_accident_1, layout_caves, nicolae_shop_vocational
Orc:2:    st_orc_pillars, layout_caves, serial_shops, shop_fountains
Elf:1:    layout_geoelf_grid, basic_altar, orc_legates, minmay_shoptagon
Elf:2:    nicolae_elf_blades_splatter_lattice [nicolae_blade_tridents],
          layout_geoelf_octagon
Elf:3:    minmay_elf_hall_hex, layout_gridlike, dk_noncrumbling_3,
          hangedman_elf_simple_split, amcnicky_mini_corridor_feature,
          hangedman_elven_ridges, minivault_26, nicolae_fountain_basement,
          uniq_saint_roka
Vaults:1: v_rooms_5, nicolae_vaults_ninety_degrees,
          nicolae_vaults_windows_and_doors_thing, ontoclasm_vaults_chip,
          vaults_dpeg_diagonal, vaults_room_door_ring, ontoclasm_vaults_gateway,
          nicolae_vaults_ring_of_whatevers, st_cells, layout_vaults_chaotic_city
Vaults:2: hangedman_vaults_locks, v_alt_pattern_5, grunt_vaults_hallway_short,
          nicolae_vaults_network_periphery, nicolae_vaults_mini_display_case,
          v_misc_26, v_misc_31, vaults_mumra_lcd,
          vaults_room_hangedman_quadrants, nicolae_vaults_little_squares_5,
          nicolae_vaults_little_squares_4, nicolae_vaults_inception_statues,
          nicolae_vaults_little_squares_3, nicolae_vaults_rhombus_6,
          layout_vaults_omnibox, uniq_frederick, uniq_bai_suzhen
Vaults:3: minmay_crypt_entry_simple_statues, ontoclasm_vaults_ring_small,
          vaults_dpeg_encased_lava, sword_in_stone,
          nicolae_vaults_network_square, nicolae_vaults_diagonal_hallway_7,
          vaults_room_grid, nicolae_vaults_rhombus_5, vaults_mumra_minichess,
          layout_vaults_omnigrid, serial_shops, nicolae_square_shop, uniq_boris
Vaults:4: nicolae_vaults_border_crossing, v_misc_16, vaults_room_door_hall,
          nicolae_vaults_yaktaur_gun_rack, dpeg_vaults_hating_casters,
          v_rooms_5, v_misc_29, ontoclasm_vaults_shuriken, vaults_room_hallway,
          layout_vaults_omnicross
Vaults:5
Depths:1: layout_roguey, nicolae_hell_entry_hellmouth_sunbeams,
          nicolae_shop_self_help, minmay_shop_grove
Depths:2: due_jory_tower, layout_honeycomb, enter_ziggurat_c,
          grunt_pan_entry_sceptre, hell_entry, nicolae_trove_entry_free_sample,
          minmay_guarded_unrand_tortoise, infiniplex_staircase_zigzag_2
Depths:3: minmay_firetagon, layout_honeycomb, hangedman_coc_ice_floe,
          hangedman_abyss_entry_splay, serial_sigils_hangedman_scar
Depths:4: grunt_zot_entry_gee_three, layout_cave_pools, grunt_dithmenos_smoke,
          hell_entry, abyss_entry, pan_entry, serial_shops, bzr_entry_road
Zot:1:    lemuel_draconian_sentries_small, layout_misc_corridors
Zot:2:    lemuel_halls_of_wrath, layout_onion
Zot:3:    kennysheep_ambush_hall, layout_misc_corridors
Zot:4:    kennysheep_oblong_rooms, layout_basic, uniq_grunn
Zot:5:    layout_basic, lemuel_golem_globe

Skill      XL: |  1  2  3  4  5  6  7  8  9 10 11 12 13 14 15 16 17 18 19 20 21 22 23 24 25 26 |
---------------+-------------------------------------------------------------------------------+-----
Axes           | 3 4 6 7 8 9 11 13 15 17 19 21 23 24 26 27 | 27.0
Fighting       | 4 5 6 7 9 10 12 13 14 16 17 18 19 20 21 22 23 24 25 26 27 | 27.0
Armour         | 4 5 7 8 10 11 13 14 15 16 17 18 19 20 21 22 23 26 27 | 27.0
Shields        | 4 6 9 12 15 17 19 21 24 26 27 | 27.0
Dodging        | 10 | 10.8

Action                     |  1- 3 |  4- 6 |  7- 9 | 10-12 | 13-15 | 16-18 | 19-21 | 22-24 | 25-27 || total
---------------------------+-------+-------+-------+-------+-------+-------+-------+-------+-------++-------
  Melee: War axe           |    84 |   117 |   365 |       |       |       |       |       |       ||   566
         Broad axe         |       |       |    46 |   359 |   831 |  1051 |  1047 |   823 |   600 ||  4757
         Unarmed           |       |       |       |       |       |       |       |       |     3 ||     3
 Invoke: Potion Petition   |       |       |     1 |       |     7 |    12 |    10 |     6 |    12 ||    48
         Call Merchant     |       |       |       |     1 |     2 |       |       |     1 |       ||     4
  Evoke: Wand              |       |       |     3 |       |       |     3 |       |     1 |     5 ||    12
         Piece from Xom's  |       |       |       |     2 |       |       |       |       |       ||     2
         Tin of tremorston |       |       |       |       |     1 |       |       |       |       ||     1
         Box of beasts     |       |       |       |       |       |       |       |       |     1 ||     1
         Phial of floods   |       |       |       |       |       |       |       |       |     1 ||     1
         Condenser vane    |       |       |       |       |       |       |       |       |     1 ||     1
    Use: Scroll            |     3 |     2 |    11 |    10 |     6 |     6 |     3 |     6 |    16 ||    63
         Potion            |     1 |     1 |     8 |     3 |       |     1 |     6 |     1 |     2 ||    23
   Stab: Distracted        |       |       |     4 |     4 |     9 |    14 |    17 |     7 |     6 ||    61
         Invisible         |       |       |     4 |       |       |    10 |       |       |       ||    14
         Paralysed         |       |       |       |     4 |       |       |       |       |       ||     4
         Sleeping          |       |       |       |       |       |       |       |     1 |       ||     1
 Armour: Scale mail        |    52 |    39 |       |       |       |       |       |       |       ||    91
         Plate armour      |       |     5 |   193 |   174 |   577 |  1011 |   618 |   356 |   333 ||  3267
         Ice dragon scales |       |     3 |       |       |       |       |       |       |       ||     3
         Skin              |       |       |       |       |       |       |     9 |       |       ||     9
  Dodge: Dodged            |    41 |    65 |    59 |    74 |   200 |   255 |   204 |   135 |   164 ||  1197
  Block: Buckler           |    20 |    37 |   192 |   147 |   304 |       |       |       |       ||   700
         Reflection        |       |       |    16 |    11 |     2 |       |       |       |       ||    29
         Tower shield      |       |       |       |       |    56 |   903 |   876 |   807 |   676 ||  3318

Table legend: (Time is in decaauts)
 A = Elapsed time spent in this place.
 B = Non-inter-level travel time spent in this place.
 C = Inter-level travel time spent in this place.
 D = Time resting spent in this place.
 E = Time spent auto-exploring this place.
 F = Levels seen in this place.
 G = Mean time per level.
                   A        B        C        D        E       F      G
               +--------+--------+--------+--------+--------+-----+--------+
         Total |  52153 |  47944 |   4209 |   1713 |  35071 |  55 |  948.2 |
       Dungeon |  14788 |  12664 |   2124 |    481 |   9593 |  15 |  985.9 |
          Lair |   6906 |   6439 |    467 |    275 |   5181 |   5 | 1381.2 |
         Swamp |   2791 |   2549 |    242 |     53 |   2007 |   4 |  697.8 |
   Spider Nest |   4259 |   4013 |    246 |    217 |   2640 |   4 | 1064.8 |
  Orcish Mines |   1232 |   1142 |     90 |      0 |    859 |   2 |  616.0 |
   Elven Halls |   3061 |   2934 |    127 |      0 |   2148 |   3 | 1020.3 |
        Vaults |   7007 |   6640 |    367 |    172 |   4720 |   5 | 1401.4 |
        Depths |   4627 |   4259 |    368 |      0 |   3206 |   4 | 1156.8 |
           Zot |   4586 |   4412 |    174 |    511 |   2876 |   5 |  917.2 |
         Abyss |    212 |    212 |      0 |      2 |     43 |   2 |  106.0 |
        Bazaar |    105 |    105 |      0 |      0 |     90 |   1 |  105.0 |
         Trove |     35 |     35 |      0 |      0 |      7 |   1 |   35.0 |
         Sewer |    182 |    182 |      0 |      0 |    115 |   1 |  182.0 |
       Ossuary |    405 |    405 |      0 |      0 |    207 |   1 |  405.0 |
        Bailey |    948 |    948 |      0 |      0 |    618 |   1 |  948.0 |
      Ice Cave |   1000 |   1000 |      0 |      0 |    759 |   1 | 1000.0 |
               +--------+--------+--------+--------+--------+-----+--------+

Top non-repeatable levels by time:
  Lair:5: 2297 daAuts
Depths:2: 1925 daAuts
Vaults:1: 1659 daAuts
     D:9: 1416 daAuts
Vaults:5: 1414 daAuts
Spider:4: 1405 daAuts
  Lair:4: 1399 daAuts
Vaults:2: 1351 daAuts
   Zot:4: 1334 daAuts
Vaults:3: 1331 daAuts
    D:14: 1263 daAuts
Vaults:4: 1249 daAuts
  Lair:1: 1219 daAuts
    D:13: 1200 daAuts
     D:1: 1189 daAuts
